Match 46211481
Unlisted

Match 46211481
End
Selects Luftwaffe Battlegroup
Selects Luftwaffe Pioneer Support
Fallschirmpioneer Squad Paradrop
Kettenkrad Recon Vehicle
Fallschirmpioneer Squad Paradrop
Construct Infanterie Kompanie
Fallschirmpioneer Squad Paradrop
MG 42 Machine Gun Team
Selects Flak 38 Anti-Air Emplacement
Selects Stuka Strafing Run
Infanterie Officer Quarters
Fallschirmpioneer Squad Paradrop
Construct Luftwaffe Kompanie
Support Elements
Selects Fallschirmjäger Squad Paradrop
Wirbelwind Flakpanzer
Kettenkrad Recon Vehicle
Jäger Squad
Stuka Strafing Run
Side Skirts
Luftwaffe Officer Quarters
Stuka Strafing Run
Wirbelwind Flakpanzer
Stuka Strafing Run
Marder III M Tank Destroyer
Selects Stuka Loiter
Stuka Loiter
Jäger Squad
Stuka Strafing Run
Selects Flak 36 Anti-tank Gun Emplacement
Medical Station
Stuka Strafing Run
Construct Panzergrenadier Kompanie
Pioneer Squad
Kettenkrad Recon Vehicle
Stuka Loiter
Stuka Strafing Run
Stuka Loiter
Stuka Loiter
Alloyzy Klex®
SEPH
XavRS
Prowley
0
0

Comments sign in to comment!

No comments posted yet!